 Dungeon Crawl Stone Soup version 0.31-a0-532-g28f74ba3e5 (webtiles) character file.

Game seed: 8564822028864758575

44 Pooter the Carver (level 3, -6/25 HPs)
             Began as a Gnoll Wanderer on Aug 13, 2023.
             Mangled by a gnoll
             ... wielding a +0 spear
              (9 damage)
             ... on level 2 of the Dungeon.
             The game lasted 00:04:45 (929 turns).

Pooter the Carver (Gnoll Wanderer)                   Turns: 929, Time: 00:04:46

Health: -6/25      AC:  2    Str:  7    XL:     3   Next: 62%
Magic:  5/7        EV: 11    Int: 13    God:
Gold:   23         SH:  0    Dex: 15    Spells: 3/7 levels left

rFire   . . .        a - +2 falchion
rCold   . . .        (no shield)
rNeg    . . .        d - +0 robe
rPois   .            (no helmet)
rElec   .            (no cloak)
rCorr   .            (no gloves)
SInv    .            (no boots)
Will    .....        (no amulet)
Stlth   ++           (no ring)
HPRegen 0.24/turn    (no ring)
MPRegen 0.10/turn

%: no passive effects
@: wereblooded
A: fangs 1, strong nose, distributed training
a: no special abilities


You were on level 2 of the Dungeon.
You visited 1 branch of the dungeon, and saw 2 of its levels.

You collected 23 gold pieces.

Inventory:

Hand Weapons
 a - a +2 falchion (weapon)
 f - a +0 spear
   (You found it on level 1 of the Dungeon)
Armour
 d - a +0 robe (worn)
Wands
 b - a wand of polymorph (4) (quivered)
Scrolls
 e - a scroll of teleportation {unknown}
 h - a scroll of identify {unknown}
Potions
 c - a potion of haste {@q3}
 g - a potion of lignification {unknown}
 i - a potion of attraction {unknown}


   Skills:
 + Level 0.9 Fighting
 + Level 0.9 Short Blades
 + Level 8.5 Long Blades
 + Level 0.9 Axes
 + Level 0.9 Maces & Flails
 + Level 0.9 Polearms
 + Level 0.9 Staves
 + Level 0.9 Ranged Weapons
 + Level 0.9 Throwing
 + Level 2.6 Armour
 + Level 0.9 Dodging
 + Level 0.9 Stealth
 + Level 0.9 Shields
 + Level 0.9 Unarmed Combat
 + Level 2.8 Spellcasting
 + Level 0.6 Conjurations
 + Level 0.6 Hexes
 + Level 0.6 Summonings
 + Level 0.6 Necromancy
 + Level 0.6 Translocations
 + Level 5.4 Transmutations
 + Level 0.6 Fire Magic
 + Level 0.6 Ice Magic
 + Level 0.6 Air Magic
 + Level 0.6 Earth Magic
 + Level 0.6 Poison Magic
 + Level 1.0 Invocations
 + Level 2.6 Evocations
 + Level 0.6 Shapeshifting


You had 3 spell levels left.
You knew the following spells:

 Your Spells              Type           Power      Damage    Failure   Level
a - Wereblood             Tmut           16%        N/A       3%          2
b - Passwall              Tmut/Erth      7%         N/A       10%         2

Your spell library contained the following spells:

 Spells                   Type           Power      Damage    Failure   Level
 Inner Flame              Hex/Fire       3%         N/A       47%         3
 Yara's Violent Unravell  Hex/Tmut       4%         3d4       88%         5
 Conjure Ball Lightning   Conj/Air       1%         3x3d6     100%        6
 Enfeeble                 Hex            1%         N/A       100%        7
 Discord                  Hex            1%         N/A       100%        8
 Disjunction              Tloc           1%         N/A       100%        8


Dungeon Overview and Level Annotations

Branches:
Dungeon (2/15) Zot: 11078

Altars:


Innate Abilities, Weirdness & Mutations

You have very sharp teeth.
Your uncanny sense of smell can sniff out nearby items.
Your experience applies equally to all skills.


Message History

You see here a ball python corpse.
You slash the bat!
You kill the bat!
A rat comes into view.
Found a book of Misfortune.
You completely miss the goblin. The goblin closely misses you.
You hit the goblin. The goblin barely misses you.
You hit the goblin.
You kill the goblin!
You closely miss the rat. Your bite misses the rat. The rat closely misses you.
You closely miss the rat. The rat bites you.
You barely miss the rat. The rat barely misses you.
You slash the rat!
You kill the rat!
You see here a +0 club.
A frilled lizard comes into view.
The frilled lizard hisses angrily.
The frilled lizard barely misses you.
You completely miss the frilled lizard.
The frilled lizard bites you but does no damage.
You slash the frilled lizard!
You kill the frilled lizard!
You pick up a book of Misfortune and begin reading...
You add the spells Inner Flame, Yara's Violent Unravelling and Enfeeble to your library.
A worm comes into view.
A quokka comes into view.
There are monsters nearby!
A gnoll comes into view. It is wielding a +0 whip.
A gnoll comes into view. It is wielding a +0 spear.
The gnoll shouts!
You hear a shout!
Casting: Wereblood (safe; 3% risk of failure)
Confirm with . or Enter, or press ? or * to list all spells.
Your blood is infused with primal strength.
The gnoll shouts!
A gnoll comes into view. It is wielding a +0 whip.
A rat comes into view.
A quokka comes into view.
The worm bites you!
You hit the worm. You hit the worm. The worm closely misses you.
You hit the worm. The gnoll closely misses you.
You hit the worm.
The gnoll hits you from afar with a +0 spear!
* * * LOW HITPOINT WARNING * * *
The worm closely misses you.
You are too injured to fight recklessly!
You are too injured to fight recklessly!
You hit the worm. The gnoll hits you with a +0 whip.
* * * LOW HITPOINT WARNING * * *
The gnoll hits you from afar with a +0 spear!
You die...

... ##. ... #.♣ ♣.. #.♣
♣.# #.♣ ♣.# .##
#########.♣ ♣.####...#
.....#....♣ ♣♣..g......
.....#.#..♣♣♣♣..@wg....#
####.#.##.......##g##..#
).....................
####.#.#.###........#.#
# #.#.#.# #....##..# # .
..#.†..............
########.####....#.r##
#.# #.##.# .# ..# #.# .#


You could see a worm and 3 gnolls.

Vanquished Creatures
  6 ball pythons
  4 endoplasms
  6 giant cockroaches
  4 goblins
  2 hobgoblins (D:1)
  2 jackals (D:1)
  2 quokkas (D:1)
  5 bats
  A frilled lizard (D:2)
  3 kobolds (D:1)
  3 rats
38 creatures vanquished.

Notes
Turn   | Place    | Note
-------+----------+-------------------------------------------
     0 | D:1      | Pooter the Gnoll Wanderer began the quest for the Orb.
     0 | D:1      | Pooter set off with the following items: a +2 falchion, a
                  | wand of polymorph (4), a potion of haste {@q3}, a +0 robe;
                  | and the following spells available to memorise: Wereblood,
                  | Passwall.
     0 | D:1      | Reached XP level 1. HP: 13/13 MP: 4/4
   132 | D:1      | Reached XP level 2. HP: 18/19 MP: 5/5
   138 | D:1      | Learned a level 2 spell: Wereblood
   141 | D:1      | Learned a level 2 spell: Passwall
   365 | D:1      | Reached XP level 3. HP: 25/25 MP: 7/7
   838 | D:1      | Reached skill level 1 in Invocations
   929 | D:2      | Mangled by a gnoll

Illustrated notes

Levels and vault maps discovered:
D:1:      dpeg_arrival_triangle_fractal, layout_basic
D:2:      layout_loops_cross, nrook_campfire, st_stairs_14

Skill      XL: |  1  2  3 |
---------------+----------+-----
Invocations    | 1 |  1.0
Fighting       | |  0.9
Short Blades   | |  0.9
Long Blades    | |  8.5
Axes           | |  0.9
Maces & Flails | |  0.9
Polearms       | |  0.9
Staves         | |  0.9
Ranged Weapons | |  0.9
Throwing       | |  0.9
Armour         | |  2.6
Dodging        | |  0.9
Stealth        | |  0.9
Shields        | |  0.9
Unarmed Combat | |  0.9
Spellcasting   | |  2.8
Conjurations   | |  0.6
Hexes          | |  0.6
Summonings     | |  0.6
Necromancy     | |  0.6
Translocations | |  0.6
Transmutations | |  5.4
Fire Magic     | |  0.6
Ice Magic      | |  0.6
Air Magic      | |  0.6
Earth Magic    | |  0.6
Poison Magic   | |  0.6
Evocations     | |  2.6
Shapeshifting  | |  0.6

Action                     || total
---------------------------++-------
  Melee: Falchion          ||    70
         Bite              ||     2
   Cast: Wereblood         ||     2
   Stab: Sleeping          ||     6
 Armour: Robe              ||     9
  Dodge: Dodged            ||    30

Table legend: (Time is in decaauts)
 A = Elapsed time spent in this place.
 B = Non-inter-level travel time spent in this place.
 C = Inter-level travel time spent in this place.
 D = Time resting spent in this place.
 E = Time spent auto-exploring this place.
 F = Levels seen in this place.
 G = Mean time per level.
                   A        B        C        D        E       F      G
               +--------+--------+--------+--------+--------+-----+--------+
         Total |    920 |    903 |     17 |      0 |    700 |   2 |  460.0 |
       Dungeon |    920 |    903 |     17 |      0 |    700 |   2 |  460.0 |
               +--------+--------+--------+--------+--------+-----+--------+

Top non-repeatable levels by time:
     D:1: 864 daAuts
     D:2: 56 daAuts
